 Dungeon Crawl Stone Soup version 0.21.1-1-g345015f (webtiles) character file.

182 inc the Sneak (level 5, -7/31 HPs)
             Began as an Octopode Enchanter on Apr 23, 2018.
             Killed from afar by Ijyb (16 damage)
             ... with a wand of flame (27)
             ... on level 3 of the Dungeon.
             The game lasted 00:03:41 (2003 turns).

inc the Sneak (Octopode Enchanter)                  Turns: 2003, Time: 00:03:42

Health: -7/31      AC:  1    Str:  8    XL:     5   Next: 61%
Magic:  4/8        EV: 13    Int: 18    God:
Gold:   145        SH:  0    Dex: 12    Spells: 2/8 levels left

rFire    x . .     SeeInvis .   f - +3 dagger
rCold    + . .     Gourm    .   (no shield)
rNeg     . . .     Faith    .   (helmet restricted)
rPois    .         Spirit   .   (no amulet)
rElec    .         Reflect  .   h - ring of protection from magic
rCorr    .         Harm     .   l - ring of ice
MR       +....                  (no ring)
Stlth    ++++......             (no ring)
HPRegen  0.10/turn              (no ring)
MPRegen  0.11/turn              (no ring)
                                (no ring)
                                (no ring)

@: no status effects
A: almost no armour, stealthy swim, amphibious, 8 rings, constrict 8, camouflage
1, gelatinous body 1
a: no special abilities


You were on level 3 of the Dungeon.
You were not hungry.

You visited 1 branch of the dungeon, and saw 4 of its levels.

You collected 145 gold pieces.

Inventory:

Hand Weapons
 a - a +1 dagger
 f - a +3 dagger (weapon)
Jewellery
 h - a ring of protection from magic (left tentacle)
 l - a ring of ice (right tentacle)
Scrolls
 k - a scroll of remove curse {unknown}
 n - a scroll of random uselessness {unknown}
 p - a scroll of noise {unknown}
 r - a scroll of enchant armour {unknown}
 u - a scroll of blinking {unknown}
Potions
 e - a potion of mutation {unknown}
 i - 2 potions of haste {unknown}
 j - a potion of magic {unknown}
 o - 2 potions of lignification
 q - a potion of degeneration {unknown}
 s - 2 potions of curing
 t - a potion of cancellation {unknown}
 w - 3 potions of heal wounds {unknown}
 x - a potion of agility {unknown}
Books
 b - a book of Maledictions

   Spells                             Type                      Level
   a - Corona                         Hexes                        1
   b - Ensorcelled Hibernation        Hexes/Ice                    2
   c - Confuse                        Hexes                        3
   d - Tukima's Dance                 Hexes                        3
   e - Dazzling Spray                 Conjuration/Hexes            3
Comestibles
 c - 8 rations


   Skills:
 - Level 1.0 Short Blades
 - Level 2.0 Dodging
 - Level 6.4 Stealth
 - Level 2.0 Spellcasting
 - Level 3.0 Hexes
 + Level 3.7 Ice Magic


You had 2 spell levels left.
You knew the following spells:

 Your Spells              Type           Power        Failure   Level  Hunger
a - Corona                Hex            ##.....      5%          1    #......
b - Ensorcelled Hibernat  Hex/Ice        ###...       7%          2    ###....
c - Confuse               Hex            ##......     16%         3    ###....


Dungeon Overview and Level Annotations

Branches:
Dungeon (4/15)
 Temple: D:4-7

Altars:

Annotations:
D:3 Ijyb; inc's ghost, weakling OpEn


Innate Abilities, Weirdness & Mutations

You cannot wear most types of armour.
You are very stealthy in the water. (Stealth+)
You are amphibious.
You can wear up to eight rings at the same time.
You can use your tentacles to constrict eight enemies at once.
Your skin changes colour to match your surroundings (Stealth+).
Your rubbery body absorbs attacks. (AC +1, EV +1)


Message History

Okay, then.
Casting: Ensorcelled Hibernation
Confirm with . or Enter, or press ? or * to list all spells.
Aiming: Ensorcelled Hibernation
Press: ? - help, Shift-Dir - straight line, f - goblin
Aim: a goblin, wielding a dagger (chance to defeat MR: 67%)
You feel a surge of power!
The goblin looks drowsy...
You constrict Ijyb. The bat completely misses you.
The jackal bites you but does no damage.
Ijyb misses you.
Casting: Ensorcelled Hibernation
Confirm with . or Enter, or press ? or * to list all spells.
Aiming: Ensorcelled Hibernation
Press: ? - help, Shift-Dir - straight line, f - jackal, p - goblin
Aim: a jackal (chance to defeat MR: 67%)
You feel a surge of power!
The jackal looks drowsy...
You constrict Ijyb, but do no damage. The bat barely misses you.
Ijyb zaps a wand.
The puff of flame hits you! The fire burns you terribly!
Ouch! That really hurt!
You die...

.####### #.# ........
.. #.# .###### #.# #.#
.....# ..####.# #.#
####.# ### .... ...
#.# ####.# #... ..#
#.# #.# ...#)#
.....#+#.#
#.###.####### ...#.#
#?..hg.###.#.........#
...#†#
#.[g@..##.#.#.#####.#
...#)#
#...#.hb#.##.#.#.#
.....#
....h#..#..#.#.#.#
..[### .≈≈≈
#.###.#.#.#.# #### ≈..
#. #...#.#.# ≈. #.
##..#.#.. ≈ #.
##..#.##. #. #.....#
## #...###


You could see Ijyb, 3 jackals, a goblin (sleeping) and a bat.

Vanquished Creatures
  2 orc wizards (D:3)
  A gnoll (D:1)
  2 adders (D:2)
  An ooze (D:1)
  3 worms
  2 dart slugs
  2 leopard geckos
  9 orcs (D:3)
  6 giant cockroaches
  10 hobgoblins
  A jackal (D:3)
  A quokka (D:2)
  3 ball pythons
  6 bats
  5 frilled lizards
  3 goblins
  5 kobolds
  7 rats
69 creatures vanquished.

Notes
Turn   | Place    | Note
-------+----------+-------------------------------------------
     0 | D:1      | inc the Octopode Enchanter began the quest for the Orb.
     0 | D:1      | Reached XP level 1. HP: 11/11 MP: 3/3
    24 | D:1      | Reached XP level 2. HP: 17/17 MP: 5/5
    28 | D:1      | Reached skill level 5 in Stealth
   153 | D:1      | Reached XP level 3. HP: 21/21 MP: 6/6
   466 | D:1      | Reached skill level 6 in Stealth
   941 | D:2      | Learned a level 2 spell: Ensorcelled Hibernation
   945 | D:2      | Learned a level 3 spell: Confuse
   951 | D:2      | Reached XP level 4. HP: 27/27 MP: 7/7
   958 | D:2      | Reached skill level 1 in Ice Magic
  1552 | D:3      | Reached XP level 5. HP: 31/31 MP: 1/8
  1722 | D:3      | Noticed inc's ghost (weakling OpEn)
  1992 | D:3      | Noticed Ijyb
  2003 | D:3      | Killed from afar by Ijyb

Skill      XL: |  1  2  3  4 |
---------------+-------------+-----
Stealth        | 5 6 |  6.4
Ice Magic      | 3 |  3.7
Short Blades   | |  1.0
Dodging        | |  2.0
Spellcasting   | |  2.0
Hexes          | |  3.0

Action                   |  1- 3 |  4- 6 || total
-------------------------+-------+-------++-------
Melee: Dagger            |    57 |    72 ||   129
       Constrict         |    10 |    11 ||    21
       Tentacles         |     4 |     7 ||    11
 Cast: Ensorcelled Hiber |       |    21 ||    21
  Use: Scroll            |       |     4 ||     4
 Stab: Sleeping          |    13 |    21 ||    34
  Eat: Chunk             |       |     5 ||     5
Armor: Skin              |     6 |     6 ||    12
Dodge: Dodged            |    29 |    42 ||    71
